 Dungeon Crawl Stone Soup version bcrawl-1.21.3-16-g7f46a08de7 (webtiles) character file.

Game seed: 11171806438492065679

1225 MisterOstroum the Poker (level 8, 63/63 HPs)
             Began as an Oni Gladiator on May 2, 2020.
             Quit the game on level 5 of the Dungeon.
             The game lasted 00:10:27 (5676 turns).

MisterOstroum the Poker (Oni Gladiator)             Turns: 5676, Time: 00:10:27

Health: 63/63      AC: 12    Str: 22    XL:     8   Next: 47%
Magic:  10/10      EV: 10    Int: 11    God:
Gold:   87         SH:  0    Dex: 14    Spells: 4/7 levels left

rFire    . . .     SeeInvis .   a - +0 trident
rCold    . . .     Gourm    .   (no shield)
rNeg     . . .     Faith    .   f - +0 chain mail (curse)
rPois    .         Spirit   .   c - +0 hat
rElec    .         Reflect  .   B - +1 cloak {+Inv}
rCorr    .         Harm     .   h - +0 pair of gloves
MR       .....                  (no boots)
Stlth    ..........             (no amulet)
HPRegen  0.20/turn              s - +3 ring of strength
MPRegen  0.12/turn              x - +2 ring of dexterity

@: no status effects
A: oni magic, claws 1, fangs 1, horns 1, talons 1, blurry vision 1, frail 1
a: Evoke Invisibility


You were on level 5 of the Dungeon.
You were hungry.

You visited 1 branch of the dungeon, and saw 5 of its levels.

You collected 329 gold pieces.
You spent 242 gold pieces at shops.

Inventory:

Hand Weapons
 a - a +0 trident (weapon)
 b - a +0 hunting sling
Missiles
 d - 3 throwing nets {!f!f}
 g - 1445 stones
 k - 118 arrows
 l - 60 tomahawks (quivered)
 m - 158 bolts
Armour
 c - a +0 hat (worn)
 f - a cursed +0 chain mail (worn)
 h - a +0 pair of gloves (worn)
 n - a +0 leather armour
 B - a +1 cloak of invisibility (worn)
 D - a +0 buckler
Jewellery
 s - a +3 ring of strength (left hand)
 x - a +2 ring of dexterity (right hand)
Wands
 y - a wand of polymorph (13)
Scrolls
 o - a scroll of amnesia {unknown}
 p - a scroll of fog {unknown}
 q - a scroll of identify {@r1}
 r - 4 scrolls of teleportation {unknown}
 t - 3 scrolls of remove curse {@r2}
 w - 2 scrolls of blinking {unknown}
 C - a scroll of magic mapping {unknown}
Potions
 i - 2 potions of magic
 j - a potion of might {@q3 !q}
 u - a potion of lignification {@q6}
 v - a potion of cancellation
 z - 3 potions of curing {@q1 !q}
 A - 2 potions of resistance
 E - a potion of berserk rage {unknown}
 G - 2 potions of agility
Comestibles
 e - 7 rations {!d}


   Skills:
 * Level 6.0 Fighting
 + Level 6.7 Polearms
 - Level 1.7 Throwing
 * Level 3.7 Armour
 + Level 3.9 Dodging


You had 4 spell levels left.
You knew the following spells:

 Your Spells              Type           Power        Failure   Level  Hunger
a - Corona                Hex            #......      96%         1    ##.....
B - Blink                 Tloc           N/A          99%         2    ###....

Your spell library contained the following spells:

 Spells                   Type           Power        Failure   Level  Hunger
 Mephitic Cloud           Conj/Pois/Air  #.......     100%        3    ####...
 Recall                   Summ/Tloc      N/A          100%        3    ####...


Dungeon Overview and Level Annotations

Branches:
Dungeon (5/12)
 Temple: D:4-7

Altars:
Fedhas
Qazlal

Shops:
D:5 !

Annotations:
D:4 exclusions: oklob plant and upstairs


Innate Abilities, Weirdness & Mutations

You learn spells by gaining experience, not through books or religion.
You only train spellcasting to practice magic.
You have sharp fingernails.
You have very sharp teeth.
You have a pair of small horns on your head.
You have sharp toenails.
Scrolls take you a little longer to read.
You are frail. (-10% HP)


Message History

Press: ? - help, Dir - move target cursor, f - adder skeleton, p - crimson imp
Aim: an adder skeleton You reach to attack!
You hit the adder skeleton but do no damage.
You hit the adder skeleton. You headbutt the adder skeleton.
You bite the adder skeleton, but do no damage.
The adder skeleton is heavily damaged.
Attack whom?
Press: ? - help, Dir - move target cursor, f - crimson imp
Aim: a crimson imp You reach to attack!
You closely miss the crimson imp. You puncture the crimson imp!
The crimson imp is heavily wounded.
The crimson imp barely misses you.
You closely miss the crimson imp.
The crimson imp is heavily wounded.
The crimson imp barely misses you.
You hit the crimson imp. Your headbutt misses the crimson imp.
The crimson imp is severely wounded.
The crimson imp spits at you. The crimson imp closely misses you.
You closely miss the crimson imp.
The crimson imp is heavily wounded.
The crimson imp barely misses you.
You barely miss the crimson imp.
You headbutt the crimson imp, but do no damage.
The crimson imp is heavily wounded.
The crimson imp hits you but does no damage.
You puncture the crimson imp!
You kill the crimson imp!
Your Fighting skill increases to level 6!
You hit the adder skeleton.
You headbutt the adder skeleton, but do no damage.
You bite the adder skeleton.
The adder skeleton is almost destroyed.
The adder skeleton barely misses you.
You closely miss the adder skeleton. You bite the adder skeleton.
You destroy the adder skeleton!
No target in view!
No target in view!
There is an open door here.
B - a runed cloak
C - a scroll labeled OSUNIGRIELE Wear which item? (? for menu, Esc to quit)
You start putting on your armour.
You continue putting on your runed cloak. x4
You finish putting on your +1 cloak of invisibility.
You become transparent for a moment.
Wear which item? (? for menu, Esc to quit)
Okay, then.
Unknown command.
There is an open door here.
There is an open door here.
A troll comes into view.
A troll is nearby!
A troll is nearby!
Wear which item? (? for menu, Esc to quit)
Okay, then.
Unknown command.
You fail to use your ability.
A crimson imp comes into view.
The crimson imp shouts!
The crimson imp blinks!
The crimson imp barely misses you.
The crimson imp blinks!
There is a stone staircase leading up here.
You climb upwards.
Level annotation: exclusions: oklob plant and upstairs
There is a stone staircase leading down here.
You see here a cursed -3 whip.
There is a stone staircase leading down here.
You climb downwards.
Found 142 stones.
There is a stone staircase leading up here.
Okay, then.
g - 1445 stones (gained 142)
D - a buckler
E - a lumpy purple potion
r - 4 scrolls labeled DYQOIF QEADUO (gained 1)
You are feeling hungry.
No target in view!
No target in view!
No target in view!
You open the door.
Found Geph's Distillery.
There is an open door here.
There is an entrance to Geph's Distillery here.
F - a potion of mutation
z - 2 potions of curing {@q1 !q} (gained 1)
z - 3 potions of curing {@q1 !q} (gained 1)
G - 2 potions of agility Thank you for shopping at Geph's Distillery!
You can access your shopping list by pressing '$'.
Unknown command.
Okay, then.
Really quaff the potion of mutation?
You feel extremely strange.
You feel frail.
Your vision blurs.
Your toenails lengthen and sharpen.
Unknown command.
Are you sure you want to abandon this character and quit the game? (Confirm with "yes".)

....# ..##.# ...## # ##.##
######.# #...# #..§D#
##.## #.######## #.#
#........####.# ### #.#
#.#####....>.# #..# #.#
###.# #..#######.$# #.#
....### #..# #.'@#..##.#.#
#.....# #..###.###.###.#.#
#####.###..##..#.#####.#.#
#####........#.........#.#
............###..........#
...........## ##.#####>..#
##..#####.## ##........#
[#..# #..##
##.##......#######. ##.##
#...###.....##...........


There were no monsters in sight!

Vanquished Creatures
  A steam dragon (D:5)
  An ice beast (D:5)
  A black bear (D:5)
  A sky beast (D:3)
  A centaur (D:4)
  2 scorpions
  4 crimson imps
  A bullfrog zombie (D:5)
  A hound (D:4)
  A jelly (D:5)
  3 orc priests
  3 orc wizards
  3 worker ants
  5 adders
  An ooze (D:4)
  3 adder skeletons
  3 worms
  2 dart slugs
  6 leopard geckos
  21 orcs
  7 ball pythons
  4 hobgoblins
  9 jackals
  6 kobolds
  2 quokkas (D:4)
  10 bats
  4 frilled lizards
  A jackal zombie (D:5)
  4 rats
111 creatures vanquished.

Notes
Turn   | Place    | Note
-------+----------+-------------------------------------------
     0 | D:1      | MisterOstroum the Oni Gladiator began the quest for the
                  | Orb.
     0 | D:1      | Reached XP level 1. HP: 17/17 MP: 3/3
   443 | D:1      | Reached XP level 2. HP: 22/24 MP: 4/4
  1152 | D:2      | Reached XP level 3. HP: 30/30 MP: 5/5
  1256 | D:2      | Learned a level 1 spell: Corona
  2045 | D:3      | Noticed an ice beast
  2123 | D:3      | Noticed a sky beast
  2167 | D:3      | Reached XP level 4. HP: 18/37 MP: 6/6
  2175 | D:3      | Killed a sky beast
  2175 | D:3      | Reached skill level 5 in Polearms
  2175 | D:3      | Reached XP level 5. HP: 23/45 MP: 7/7
  2293 | D:3      | Learned a level 2 spell: Blink
  2962 | D:3      | Reached XP level 6. HP: 45/52 MP: 8/8
  3946 | D:4      | Reached skill level 1 in Armour
  3946 | D:4      | Reached XP level 7. HP: 38/60 MP: 9/9
  4339 | D:4      | Found a stormy altar of Qazlal.
  4716 | D:4      | Found a blossoming altar of Fedhas.
  4729 | D:4      | Noticed an oklob plant
  4877 | D:5      | Entered Level 5 of the Dungeon
  4889 | D:5      | Reached skill level 5 in Fighting
  5134 | D:5      | Noticed a steam dragon
  5148 | D:5      | Killed a steam dragon
  5148 | D:5      | Reached XP level 8. HP: 30/69 MP: 10/10
  5528 | D:5      | Noticed a troll
  5672 | D:5      | Found Geph's Distillery.
  5675 | D:5      | Bought a potion of mutation for 88 gold pieces
  5675 | D:5      | Bought a potion of curing for 33 gold pieces
  5675 | D:5      | Bought a potion of curing for 33 gold pieces
  5675 | D:5      | Bought 2 potions of agility for 88 gold pieces
  5675 | D:5      | Gained mutation: You are frail. (-10% HP) [potion of
                  | mutation]
  5675 | D:5      | Gained mutation: Scrolls take you a little longer to read.
                  | [potion of mutation]
  5675 | D:5      | Gained mutation: You have sharp toenails. [potion of
                  | mutation]
  5676 | D:5      | Quit the game

Skill      XL: |  1  2  3  4  5  6  7  8 |
---------------+-------------------------+-----
Polearms       | 4 5 6 |  6.7
Fighting       | 3 4 5 6 |  6.0
Armour         | 1 3 |  3.7
Dodging        | 3 |  3.9
Throwing       | |  1.7

Action                   |  1- 3 |  4- 6 |  7- 9 || total
-------------------------+-------+-------+-------++-------
Melee: Trident           |   124 |   106 |   155 ||   385
       Headbutt          |    18 |    17 |    35 ||    70
       Bite              |    12 |    10 |    22 ||    44
 Fire: Hunting sling     |       |     4 |       ||     4
Throw: Throwing net      |       |     2 |       ||     2
       Stone             |       |     1 |       ||     1
       Tomahawk          |       |       |     4 ||     4
 Cast: Blink             |       |     2 |       ||     2
  Use: Potion            |     4 |       |     1 ||     5
       Scroll            |     2 |     1 |     1 ||     4
  Eat: Chunk             |     4 |     3 |     5 ||    12
       Ration            |       |     1 |       ||     1
Armor: Leather armour    |    32 |    13 |       ||    45
       Chain mail        |       |    17 |    72 ||    89
Dodge: Dodged            |    78 |    55 |    54 ||   187
